 Dungeon Crawl Stone Soup version 0.32-a0-128-g77eb882913 (webtiles) character file.

Game seed: 8368032866444412600

497 dialectric the Trooper (level 6, -1/56 HPs)
             Began as a Minotaur Fighter on Feb 8, 2024.
             Slain by Edmund
             ... wielding a +0 dire flail of protection
              (13 damage)
             ... on level 3 of the Dungeon.
             The game lasted 00:03:00 (2516 turns).

dialectric the Trooper (Minotaur Fighter)           Turns: 2516, Time: 00:03:01

Health: -1/56      AC:  7    Str: 20    XL:     6   Next: 93%
Magic:  5/5        EV: 11    Int:  5    God:
Gold:   121        SH:  0    Dex: 12    Spells: 5/5 levels left

rFire   . . .        a - +0 flail
rCold   . . .        (no shield)
rNeg    . . .        b - +0 scale mail
rPois   .            (helmet restricted)
rElec   .            (no cloak)
rCorr   .            (no gloves)
SInv    .            (no boots)
Will    .....        (no amulet) Stlth
                     (no ring)
HPRegen 0.29/turn    (no ring)
MPRegen 0.09/turn

%: no passive effects
@: no status effects
A: horns 2, retaliatory headbutt
a: no special abilities


You were on level 3 of the Dungeon.
You visited 1 branch of the dungeon, and saw 4 of its levels.

You collected 121 gold pieces.

Inventory:

Hand Weapons
 a - a +0 flail (weapon)
Missiles
 f - 10 poisoned darts (quivered)
 m - a throwing net
Armour
 b - a +0 scale mail (worn)
 c - a +0 buckler
Talismans
 e - a serpent talisman
Scrolls
 d - a scroll of teleportation {unknown}
 g - 2 scrolls of fear
 h - 3 scrolls of identify
 j - a scroll of fog {unknown}
 k - a scroll of summoning {unknown}
 l - a scroll of noise {unknown}
 o - a scroll of brand weapon {unknown}
Potions
 i - a potion of invisibility
 n - a potion of brilliance {unknown}
 p - a potion of magic {unknown}


   Skills:
 + Level 5.4 Fighting
 + Level 4.7 Maces & Flails
 + Level 5.4 Armour
 * Level 3.9 Dodging
 - Level 4.3 Shields


You had 5 spell levels left.
You didn't know any spells.
Your spell library contained the following spells:

 Spells                   Type           Power      Damage    Failure   Level
 Freeze                   Ice            0%         1d3       82%         1
 Blink                    Tloc           0%         N/A       91%         2
 Jinxbite                 Hex            0%         N/A       91%         2
 Lesser Beckoning         Tloc           0%         N/A       91%         2
 Momentum Strike          Conj/Tloc      0%         3d8       91%         2
 Frozen Ramparts          Ice            0%         1d1       99%         3
 Fugue of the Fallen      Necr           0%         N/A       99%         3
 Hailstorm                Conj/Ice       0%         3d5       99%         3
 Ozocubu's Armour         Ice            0%         N/A       99%         3
 Manifold Assault         Tloc           0%         N/A       100%        4
 Yara's Violent Unravell  Hex/Alch       0%         3d3       100%        5
 Enfeeble                 Hex            0%         N/A       100%        7


Dungeon Overview and Level Annotations

Branches:
Dungeon (4/15)
 Temple: D:4-7

Altars:
Ashenzari

Annotations:
D:3 Edmund


Innate Abilities, Weirdness & Mutations

You have a pair of horns on your head.
You reflexively headbutt those who attack you in melee.


Message History

Reactivating autopickup.
There is a stone staircase leading down here.
Unknown command.
You barely miss Edmund.
Edmund hits you with a +0 dire flail of protection!
Edmund hits you with a +0 dire flail of protection.
You hit Edmund.
Edmund is lightly wounded.
Edmund closely misses you. You furiously retaliate!
You headbutt Edmund. You hit Edmund but do no damage.
Your headbutt misses Edmund.
Edmund is lightly wounded.
Edmund barely misses you.
You closely miss Edmund. Your headbutt misses Edmund.
You punch Edmund, but do no damage.
Edmund is lightly wounded.
Edmund barely misses you.
You hit Edmund but do no damage.
Edmund is lightly wounded.
Edmund hits you with a +0 dire flail of protection!
You closely miss Edmund. You headbutt Edmund.
Edmund is lightly wounded.
Edmund hits you with a +0 dire flail of protection!
Edmund hits you with a +0 dire flail of protection.
You are too injured to fight recklessly!
Throw: 11 darts (poison)
Press: ? - help, Q - select action, (/) - cycle Shift-Dir - straight line, f - Edmund
Aim: Edmund, wielding a +0 dire flail of protection and wearing a +0 ring mail (lightly wounded, 60% to hit)
You throw a poisoned dart.
The poisoned dart closely misses Edmund.
Edmund completely misses you.
You hit Edmund. Your headbutt misses Edmund.
Edmund is lightly wounded.
Edmund closely misses you. Edmund attacks as he pursues you!
Edmund hits you with a +0 dire flail of protection!
* * * LOW HITPOINT WARNING * * *
Edmund attacks as he pursues you!
Edmund hits you with a +0 dire flail of protection!
You die...
Edmund says, "That'll show my brother!"

#..........# #####
#.########.# #...# #.#
#.# #...#####(##### #.#
######.............# #.#
.....'..........>..# #.#
######.............####.#
# #..........@..'.##.# #
#..........@..#.##.# #
#.<..........[.....# #
#...............#### #
#...............#
######...............#
......##########..#..#
#####.# ###### #..##.#
#.# #....# #..##.# #.#
#....# #..##.#


You could see Edmund.

Vanquished Creatures
  Sigmund (D:3)
  Pargi (D:3)
  A bombardier beetle (D:3)
  2 orc wizards (D:3)
  Terence (D:3)
  4 gnolls
  An adder (D:3)
  2 dart slugs
  4 orcs (D:3)
  5 ball pythons
  4 bats
  6 endoplasms
  6 giant cockroaches
  8 goblins
  4 hobgoblins
  4 jackals
  4 kobolds
  2 frilled lizards
  8 rats
68 creatures vanquished.

Notes
Turn   | Place    | Note
-------+----------+-------------------------------------------
     0 | D:1      | dialectric the Minotaur Fighter began the quest for the
                  | Orb.
     0 | D:1      | Reached XP level 1. HP: 19/19 MP: 0/0
    93 | D:1      | Reached XP level 2. HP: 27/27 MP: 1/1
   400 | D:2      | Found a broken altar of Ashenzari.
   496 | D:2      | Found a faded altar of an unknown god.
   498 | D:2      | Reached XP level 3. HP: 33/33 MP: 2/2
  1012 | D:3      | Reached XP level 4. HP: 25/41 MP: 3/3
  1160 | D:2      | Reached skill level 1 in Dodging
  1372 | D:3      | Noticed Sigmund
  1373 | D:3      | Noticed Pargi
  1578 | D:3      | Killed Pargi
  1579 | D:3      | Reached XP level 5. HP: 35/47 MP: 4/4
  1669 | D:3      | Noticed Terence
  1677 | D:3      | Killed Terence
  1685 | D:3      | Killed Sigmund
  1686 | D:3      | Reached skill level 5 in Fighting
  1686 | D:3      | Reached skill level 5 in Armour
  1686 | D:3      | Reached XP level 6. HP: 52/56 MP: 5/5
  2273 | D:4      | Noticed Edmund
  2516 | D:3      | Slain by Edmund

Illustrated notes

Levels and vault maps discovered:
D:1:      dpeg_arrival_fog, layout_rooms, solitary_fountain
D:2:      layout_loops_ring, shapermc_ecumenical_altar_gd, basic_altar,
          kennysheep_nondescript, minivault_23
D:3:      layout_basic, portal_sewer_entry_d, uniq_sigmund, uniq_terence,
          uniq_pargi
D:4:      layout_loops_ring, minmay_temple_entry_from_below_a,
          ebering_ghost_inner_flame, nrook_loot_triangle, st_stairs_13,
          uniq_pikel, uniq_menkaure, uniq_ijyb, uniq_edmund

Skill      XL: |  1  2  3  4  5 |
---------------+----------------+-----
Shields        | 4 |  4.3
Fighting       | 4 5 |  5.4
Armour         | 4 5 |  5.4
Maces & Flails | 3 4 |  4.7
Dodging        | 2 3 |  3.9

Action                     |  1- 3 |  4- 6 || total
---------------------------+-------+-------++-------
  Melee: Flail             |    69 |    83 ||   152
         Headbutt          |     9 |    14 ||    23
         Punch             |       |     5 ||     5
  Throw: Dart              |       |     2 ||     2
    Use: Potion            |       |     1 ||     1
         Scroll            |       |     2 ||     2
 Armour: Scale mail        |    51 |   109 ||   160
  Dodge: Dodged            |    35 |    63 ||    98
  Block: Buckler           |     4 |       ||     4

Table legend: (Time is in decaauts)
 A = Elapsed time spent in this place.
 B = Non-inter-level travel time spent in this place.
 C = Inter-level travel time spent in this place.
 D = Time resting spent in this place.
 E = Time spent auto-exploring this place.
 F = Levels seen in this place.
 G = Mean time per level.
                   A        B        C        D        E       F      G
               +--------+--------+--------+--------+--------+-----+--------+
         Total |   2550 |   2423 |    127 |    264 |   1558 |   4 |  637.5 |
       Dungeon |   2550 |   2423 |    127 |    264 |   1558 |   4 |  637.5 |
               +--------+--------+--------+--------+--------+-----+--------+

Top non-repeatable levels by time:
     D:3: 1122 daAuts
     D:2: 917 daAuts
     D:1: 337 daAuts
     D:4: 172 daAuts
